 Dungeon Crawl Stone Soup version 0.18-a0-1084-g259f6cf (console) character file.

367 FIQ the Insei (level 6, -2/42 HPs)
             Began as an Octopode Transmuter on Jan 15, 2016.
             Slain by Pikel
             ... wielding a +0 whip of flaming
              (11 damage)
             ... on level 4 of the Dungeon.
             The game lasted 00:07:32 (3240 turns).

FIQ the Insei (Octopode Transmuter)                 Turns: 3240, Time: 00:07:32

Health: -2/42      AC: 11    Str:  9    XL:     6   Next: 69%
Magic:  11/11      EV: 13    Int: 15    God:
Gold:   145        SH:  0    Dex: 14    Spells: 2 memorised, 7 levels left

rFire  + + .     SeeInvis .       - Unarmed
rCold  + . .     Gourm    .     (no shield)
rNeg   . . .     Faith    .     (helmet restricted)
rPois  +         Spirit   .     (no amulet)
rElec  +         Dismiss  .     g - ring of fire
rCorr  +         Reflect  .     l - +6 ring of protection
SustAt .         Harm     .     q - ring of loudness (curse)
MR     .....                    (no ring)
Stlth  +.........               (no ring)
                                (no ring)
                                (no ring)
                                (no ring)

@: appendage, resistant, not resistant to hostile enchantments, very unstealthy
A: almost no armour, amphibious, 8 rings, constrict 8, tentacle spike 3, rough
black scales 1, camouflage 1, cold resistance 1, gelatinous body 1
a: End Transformation


You were on level 4 of the Dungeon.
You were not hungry.
One of your tentacles had a temporary spike.
You visited 1 branch of the dungeon, and saw 4 of its levels.

You collected 145 gold pieces.

Inventory:

Missiles
 a - 33 arrows
Jewellery
 g - a ring of fire (left tentacle)
 l - a +6 ring of protection (right tentacle)
 q - a cursed ring of loudness (on tentacle)
Scrolls
 d - 5 scrolls of magic mapping {unknown}
 e - a scroll of immolation {unknown}
 h - a scroll of enchant armour {unknown}
 k - 4 scrolls of identify {unknown}
 m - 3 scrolls of noise {unknown}
 n - 2 scrolls of amnesia {unknown}
 o - 2 scrolls of remove curse {unknown}
 p - a scroll of random uselessness {unknown}
 r - a scroll of recharging {unknown}
 s - a scroll of blinking {unknown}
Books
 b - a book of Changes

   Spells                             Type                      Level
   a - Beastly Appendage              Transmutation                1
   b - Sticks to Snakes               Transmutation                2
   c - Spider Form                    Transmutation/Poison         3
   d - Ice Form                       Ice/Transmutation            4
   e - Blade Hands                    Transmutation                5
Comestibles
 c - 2 bread rations
 f - a beef jerky
 i - 6 chunks of flesh
 j - a royal jelly


   Skills:
 + Level 3.0 Fighting
 + Level 3.2 Dodging
 + Level 4.3 Unarmed Combat
 + Level 3.4 Spellcasting
 + Level 3.2 Transmutations


You had 7 spell levels left.
You knew the following spells:

 Your Spells              Type           Power        Failure   Level  Hunger
a - Beastly Appendage     Trmt           ##....       6%          1    None
b - Spider Form           Trmt/Pois      #.........   34%         3    ###....


Dungeon Overview and Level Annotations

Branches:
Dungeon (4/15)
 Temple: D:4-7

Altars:
Xom
The Shining One

Annotations:
D:4 Pikel


Innate Abilities, Weirdness & Mutations

You cannot wear most types of armour.
You are amphibious.
You can wear up to eight rings at the same time.
You can use your tentacles to constrict eight enemies at once.
Your skin changes colour to match your surroundings (Stealth).
Your rubbery body absorbs attacks (AC +1).
One of your tentacles bears a large vicious spike.
You are partially covered in rough black scales (AC +4, Dex -1).
Your flesh is cold resistant.


Message History

Pikel hits you with a whip of flaming.
* * * LOW HITPOINT WARNING * * *
The orc hits you but does no damage.
You tentacle-slap Pikel but do no damage.
Pikel is severely wounded.
You constrict Pikel. You constrict the slave. The slave completely misses you.
The slave barely misses you. Pikel hits you but does no damage.
The orc hits you but does no damage.
Drink which item? (? for menu, Esc to quit)
It was a potion of resistance.
You feel protected.
You constrict Pikel. You constrict the slave.
You kill the slave!
That felt strangely unrewarding.
The slave barely misses you. Pikel barely misses you. The orc misses you.
You tentacle-slap Pikel.
Pikel is severely wounded.
You constrict Pikel, but do no damage. The slave barely misses you.
Pikel hits you but does no damage. The orc hits you but does no damage.
You tentacle-slap Pikel.
Pikel is severely wounded.
You constrict Pikel. The slave hits you but does no damage.
Pikel hits you with a whip of flaming!
You die...

##........#########.##....#.#####
............................>...#
..............#####.#.....#.#.###
..........###.#####.#.....#.#.# #
...........(............###.#.# #
........................# #.#.###
...#.....#...#..........# #......
...#.....#...#..........# ###.###
...#.....#.....#..###'### #.# #
...#.....#.....#oK....# #.# #
###########.....@####.# #.# # ##
##.##p[# #.# #.# # .#
##..#...####.#######.### [#
#.........##.........##. .#
####.###'###............### .#
####....# #.# #..p.........# .#
#..'....# #.# #........(...#
.###)##....###_. '............#
...).##....###.# #............#
.....#####.# #........###.#
.....# #.# #........# ###


You could see Pikel, a slave and an orc.

Vanquished Creatures
  3 slaves (D:4)
  A crimson imp (D:4)
  A centaur skeleton (D:3)
  An orc priest (D:4)
  Natasha (thrice) (D:3)
  An orc wizard (D:4)
  A worker ant (D:4)
  5 adders
  3 oozes
  A worm (D:2)
  5 giant geckos
  8 orcs
  4 giant cockroaches
  3 goblins
  4 hobgoblins
  14 jackals
  4 quokkas
  A ball python (D:2)
  10 bats
  A giant gecko skeleton (D:4)
  5 giant newts
  2 kobolds
  7 rats
88 creatures vanquished.

Notes
Turn   | Place    | Note
--------------------------------------------------------------
     0 | D:1      | FIQ the Octopode Transmuter began the quest for the Orb.
     0 | D:1      | Reached XP level 1. HP: 13/13 MP: 3/3
    50 | D:1      | Reached XP level 2. HP: 11/18 MP: 5/5
   275 | D:1      | Gained mutation: You are partially covered in rough black scales (AC +4, Dex -1). [potion of mutation]
   275 | D:1      | Gained mutation: Your flesh is cold resistant. [potion of mutation]
   279 | D:1      | Reached XP level 3. HP: 2/23 MP: 6/6
  1670 | D:2      | Reached XP level 4. HP: 27/29 MP: 5/7
  1932 | D:3      | Noticed Natasha
  1942 | D:3      | Killed Natasha
  2175 | D:3      | Reached XP level 5. HP: 28/34 MP: 7/9
  2228 | D:3      | Found a shimmering altar of Xom.
  2231 | D:3      | Noticed Natasha
  2241 | D:3      | Killed Natasha
  2241 | D:3      | Reached skill level 4 in Unarmed Combat
  2405 | D:3      | Noticed Natasha
  2415 | D:3      | Killed Natasha
  2607 | D:4      | Reached XP level 6. HP: 41/41 MP: 10/10
  2612 | D:4      | Learned a level 3 spell: Spider Form
  2947 | D:4      | Found a glowing golden altar of the Shining One.
  3009 | D:4      | Noticed a slave
  3010 | D:4      | Noticed a slave
  3010 | D:4      | Noticed a slave
  3011 | D:4      | Noticed Pikel
  3035 | D:4      | Killed a slave
  3045 | D:4      | Killed a slave
  3221 | D:4      | Noticed a slave
  3238 | D:4      | Killed a slave
  3240 | D:4      | Slain by Pikel

Vault maps used:
D:1:      onia_arrival_larder, hex_intersection
D:2:      first_bread
D:3:      xom_teletrap_fun, uniq_natasha
D:4:      kennysheep_spiral_hall, lemuel_doored_altar, uniq_pikel

Action                   |  1- 3 |  4- 6 || total
-------------------------+-------+-------++-------
Melee: Unarmed           |    91 |   178 ||   269
 Cast: Beastly Appendage |     6 |    17 ||    23
  Use: Potion            |     1 |     1 ||     2
 Stab: Sleeping          |     8 |     6 ||    14
  Eat: Chunk             |     2 |     6 ||     8
